 Dungeon Crawl Stone Soup version 0.21.1-1-g345015f (webtiles) character file.

160 theblackcape the Magician (level 5, -9/43 HPs)
             Began as a Gnoll Wanderer on June 21, 2018.
             Was an Initiate of Ashenzari.
             Splashed by Ijyb's acid (12 damage)
             ... on level 3 of the Dungeon.
             The game lasted 00:12:24 (2527 turns).

theblackcape the Magician (Gnoll Wanderer)          Turns: 2527, Time: 00:12:25

Health: -9/43      AC: -3    Str: 14    XL:     5   Next: 41%
Magic:  9/14       EV: 13    Int: 15    God:    Ashenzari [......]
Gold:   82         SH:  0    Dex: 15    Spells: 12/18 levels left

rFire    . . .     SeeInvis .   c - +0 spear (curse)
rCold    . . .     Gourm    .   (no shield)
rNeg     . . .     Faith    .   d - +0 robe
rPois    .         Spirit   .   (no helmet)
rElec    .         Reflect  .   (no cloak)
rCorr    .         Harm     .   m - +0 pair of gloves (curse)
MR       .....                  h - +0 pair of boots (curse)
Stlth    +++.......             (no amulet)
HPRegen  0.14/turn              g - ring of flight (curse)
MPRegen  0.14/turn              (no ring)

@: corroded
A: distributed training, fangs 1, strong nose
a: Curse Item, Renounce Religion, Evoke Flight


You were on level 3 of the Dungeon.
You worshipped Ashenzari.
Ashenzari was noncommittal.
You were not hungry.

You visited 1 branch of the dungeon, and saw 3 of its levels.

You collected 82 gold pieces.

Inventory:

Hand Weapons
 c - a cursed +0 spear (weapon)
Missiles
 n - 128 stones (quivered)
Armour
 d - a +0 robe (worn)
 h - a cursed +0 pair of boots (worn)
 m - a cursed +0 pair of gloves (worn)
Jewellery
 g - a cursed ring of flight (left hand)
Scrolls
 e - a scroll of teleportation {unknown}
 i - a scroll of fog {unknown}
 k - 2 scrolls of immolation
 l - 3 scrolls of identify
 o - a scroll of noise {unknown}
 s - 2 scrolls of amnesia {unknown}
Potions
 b - 2 potions of curing
 j - 2 potions of might {unknown}
 q - a potion of agility {unknown}
 r - a potion of lignification {unknown}
Books
 a - a book of Minor Magic

   Spells                             Type                      Level
   a - Magic Dart                     Conjuration                  1
   b - Blink                          Translocation                2
   c - Call Imp                       Summoning                    2
   d - Slow                           Hexes                        2
   e - Conjure Flame                  Conjuration/Fire             3
   f - Mephitic Cloud                 Conjuration/Poison/Air       3
Comestibles
 f - 5 rations
 p - 4 chunks of flesh


   Skills:
 + Level 4.8 Fighting
 + Level 1.4 Short Blades
 + Level 1.4 Long Blades
 + Level 1.4 Axes
 + Level 1.4 Maces & Flails
 + Level 1.4 Polearms
 + Level 1.4 Staves
 + Level 1.4 Slings
 + Level 1.4 Bows
 + Level 1.4 Crossbows
 + Level 1.4 Throwing
 + Level 1.4 Armour
 + Level 3.0 Dodging
 + Level 6.1 Stealth
 + Level 3.0 Shields
 + Level 1.4 Unarmed Combat
 + Level 7.3 Spellcasting
 + Level 1.1 Conjurations
 + Level 1.1 Hexes
 + Level 1.1 Charms
 + Level 1.1 Summonings
 + Level 1.1 Necromancy
 + Level 1.1 Translocations
 + Level 1.1 Transmutations
 + Level 1.1 Fire Magic
 + Level 1.1 Ice Magic
 + Level 1.1 Air Magic
 + Level 1.1 Earth Magic
 + Level 1.1 Poison Magic
 + Level 1.6 Invocations
 + Level 1.4 Evocations


You had 12 spell levels left.
You knew the following spells:

 Your Spells              Type           Power        Failure   Level  Hunger
a - Call Imp              Summ           #.......     12%         2    None
b - Magic Dart            Conj           #...         8%          1    None
c - Conjure Flame         Conj/Fire      #.......     24%         3    ##.....


Dungeon Overview and Level Annotations

Branches:
Dungeon (3/15)

Altars:
Ashenzari
Fedhas
Nemelex Xobeh
Sif Muna
Wu Jian
Zin
The Shining One

Annotations:
D:3 Ijyb


Innate Abilities, Weirdness & Mutations

Your experience applies equally to all skills.
You have very sharp teeth.
Your uncanny sense of smell can sniff out nearby items.


Message History

Press: ? - help, Dir - move target cursor, f - Ijyb
Aim: Ijyb, wielding a club, wearing a leather armour and carrying a wand of acid (6) (resting)
You reach to attack!
The helpless Ijyb fails to defend herself.
You hit Ijyb but do no damage.
You swap places.
Ijyb screams, "Me kill you!" Ijyb hits your shadow imp with a club.
Your shadow imp barely misses Ijyb.
Casting: Call Imp
Confirm with . or Enter, or press ? or * to list all spells.
A beastly little devil appears in a puff of frigid air.
Ijyb zaps a wand.
The bolt of acid hits your shadow imp.
Your shadow imp is splashed with acid.
Your shadow imp dies!
The bolt of acid hits you! The acid corrodes you!
You are splashed with acid!
The acid burns!
Ijyb zaps a wand.
The bolt of acid hits you!
* * * LOW HITPOINT WARNING * * *
The acid corrodes you!
You are splashed with acid!
The acid burns!
You die...

∆ .. ####...# .>
#....... ##.
#....>.. #..
#....... #.#
######'# #g# #....
#.##### #....
#.....########....
#@5............#+#
∆
#.............##.#
#................#
#.............####
#.............####
###'####..........
#♣...♣##......####
#.....##......####
#♣...♣##..........


You could see Ijyb and a friendly white imp.

Vanquished Creatures
  4 adders
  An ooze (D:3)
  2 worms (D:2)
  3 dart slugs
  A leopard gecko (D:1)
  3 orcs
  3 bats
  A giant cockroach (D:1)
  2 goblins (D:1)
  A hobgoblin (D:1)
  6 kobolds
  A quokka (D:3)
  A ball python (D:3)
  6 frilled lizards
  2 rats
37 creatures vanquished.

Vanquished Creatures (collateral kills)
  The ghost of dscm the Grave Robber, a weakling OpNe (D:3)
  8 gnolls (D:2)
  2 adders (D:2)
  A worm (D:2)
  2 orcs (D:3)
  2 hobgoblins (D:2)
  A kobold (D:1)
17 creatures vanquished.

Grand Total: 54 creatures vanquished

Notes
Turn   | Place    | Note
-------+----------+-------------------------------------------
     0 | D:1      | theblackcape the Gnoll Wanderer began the quest for the Orb.
     0 | D:1      | theblackcape set off with: a book of Minor Magic, a potion of curing, a +0 spear, a +0 robe, a +0 dagger, a ration
     0 | D:1      | Reached XP level 1. HP: 20/20 MP: 8/8
    93 | D:1      | Reached XP level 2. HP: 26/26 MP: 10/10
   109 | D:1      | Learned a level 2 spell: Call Imp
   111 | D:1      | Learned a level 1 spell: Magic Dart
   661 | D:2      | Reached XP level 3. HP: 31/31 MP: 6/11
   902 | D:2      | Reached skill level 1 in Invocations
  1016 | D:2      | Found a deep blue altar of Sif Muna.
  1022 | D:2      | Found a shattered altar of Ashenzari.
  1023 | D:2      | Found a sparkling altar of Nemelex Xobeh.
  1026 | D:2      | Found a glowing silver altar of Zin.
  1028 | D:2      | Found an ornate altar of the Wu Jian Council.
  1038 | D:2      | Became a worshipper of Ashenzari the Shackled
  1094 | D:2      | Found a blossoming altar of Fedhas.
  1108 | D:2      | Reached skill level 1 in Short Blades
  1108 | D:2      | Reached skill level 1 in Long Blades
  1108 | D:2      | Reached skill level 1 in Axes
  1108 | D:2      | Reached skill level 1 in Maces & Flails
  1108 | D:2      | Reached skill level 1 in Polearms
  1108 | D:2      | Reached skill level 1 in Staves
  1108 | D:2      | Reached skill level 1 in Slings
  1108 | D:2      | Reached skill level 1 in Bows
  1108 | D:2      | Reached skill level 1 in Crossbows
  1108 | D:2      | Reached skill level 1 in Throwing
  1108 | D:2      | Reached skill level 1 in Armour
  1108 | D:2      | Reached skill level 1 in Unarmed Combat
  1108 | D:2      | Reached skill level 1 in Evocations
  1160 | D:2      | Reached XP level 4. HP: 33/38 MP: 1/13
  1440 | D:2      | Reached skill level 1 in Conjurations
  1440 | D:2      | Reached skill level 1 in Hexes
  1440 | D:2      | Reached skill level 1 in Charms
  1440 | D:2      | Reached skill level 1 in Summonings
  1440 | D:2      | Reached skill level 1 in Necromancy
  1440 | D:2      | Reached skill level 1 in Translocations
  1440 | D:2      | Reached skill level 1 in Transmutations
  1440 | D:2      | Reached skill level 1 in Fire Magic
  1440 | D:2      | Reached skill level 1 in Ice Magic
  1440 | D:2      | Reached skill level 1 in Air Magic
  1440 | D:2      | Reached skill level 1 in Earth Magic
  1440 | D:2      | Reached skill level 1 in Poison Magic
  1449 | D:2      | Learned a level 3 spell: Conjure Flame
  1957 | D:2      | Reached XP level 5. HP: 29/43 MP: 12/14
  2485 | D:3      | Noticed dscm's ghost (weakling OpNe)
  2500 | D:3      | Killed dscm's ghost
  2509 | D:3      | Found a glowing golden altar of the Shining One.
  2518 | D:3      | Noticed Ijyb
  2527 | D:3      | Splashed by Ijyb's acid

Skill      XL: |  1  2  3  4  5 |
---------------+----------------+-----
Stealth        | 6 |  6.1
Invocations    | 1 |  1.6
Short Blades   | 1 |  1.4
Long Blades    | 1 |  1.4
Axes           | 1 |  1.4
Maces & Flails | 1 |  1.4
Polearms       | 1 |  1.4
Staves         | 1 |  1.4
Slings         | 1 |  1.4
Bows           | 1 |  1.4
Crossbows      | 1 |  1.4
Throwing       | 1 |  1.4
Armour         | 1 |  1.4
Unarmed Combat | 1 |  1.4
Evocations     | 1 |  1.4
Conjurations   | 1 |  1.1
Hexes          | 1 |  1.1
Charms         | 1 |  1.1
Summonings     | 1 |  1.1
Necromancy     | 1 |  1.1
Translocations | 1 |  1.1
Transmutations | 1 |  1.1
Fire Magic     | 1 |  1.1
Ice Magic      | 1 |  1.1
Air Magic      | 1 |  1.1
Earth Magic    | 1 |  1.1
Poison Magic   | 1 |  1.1
Dodging        | 3 |  3.0
Shields        | 3 |  3.0
Fighting       | |  4.8
Spellcasting   | |  7.3

Action                   |  1- 3 |  4- 6 || total
-------------------------+-------+-------++-------
Melee: Spear             |    48 |    71 ||   119
       Bite              |     4 |     5 ||     9
 Cast: Magic Dart        |    21 |     7 ||    28
       Call Imp          |    15 |    23 ||    38
Invok: Curse Item        |     1 |     3 ||     4
  Use: Scroll            |     1 |     2 ||     3
 Stab: Sleeping          |     3 |     4 ||     7
  Eat: Chunk             |     1 |     4 ||     5
Armor: Robe              |    11 |     3 ||    14
Dodge: Dodged            |    26 |    24 ||    50
